[Event "ICC tourney 2487 (120 10)"]
[Site "Internet Chess Club"]
[Date "2021.04.03"]
[Round "4"]
[White "WAKIDA, KEN:Yamato1945"]
[Black "PRASANNA, KEVIN FRANCO:Kfprasanna"]
[Result "1-0"]
[ICCResult "Black checkmated"]
[WhiteElo "1439"]
[BlackElo "1306"]
[Opening "QGD Slav defense: exchange variation"]
[ECO "D13"]
[NIC "SL.01"]
[Time "16:16:42"]
[PlyCount "91"]
[TimeControl "7200+10"]

1. d4 d5 2. c4 c6 3. cxd5 cxd5 4. Nc3 Nf6 5. Nf3 e6 6. Bg5 Be7 7. e3 Nc6 8.
Bb5 Bd7 9. O-O O-O 10. Bd3 h6 11. Bf4 Nh5 12. Bg3 f5 13. Be5 Bf6 14. Bd6
Be7 15. Bxe7 Qxe7 16. Bb5 Nf6 17. Bxc6 Bxc6 18. Ne5 Qe8 19. a4 Nd7 20. Nxc6
bxc6 21. b4 Nb6 22. a5 Nc4 23. Qc2 Rb8 24. Rfb1 Rf7 25. Na4 Rfb7 26. Qc3
Nd6 27. Nc5 Ne4 28. Nxe4 fxe4 29. Ra2 Qe7 30. Rab2 Rb5 31. h3 a6 32. Qxc6
Kf7 33. Rc1 Rxb4 34. Rxb4 Rxb4 35. Qxa6 Rb2 36. Qc6 Qf6 37. Rc2 Rb1+ 38.
Kh2 Ra1 39. a6 Qe7 40. Qb6 Qa3 41. Rc7+ Kf6 42. a7 Qa6 43. Qb4 Ra4 44. Qe7+
Kf5 45. g4+ Kg6 46. Qxg7# { Black checkmated } 1-0

[Event "ICC tourney 2487 (120 10)"]
[Site "Internet Chess Club"]
[Date "2021.04.03"]
[Round "4"]
[White "CHUDNOVSKY, MICHELLE:ChunkyApple"]
[Black "Erdos, Tamas:erdostom"]
[Result "0-1"]
[ICCResult "White checkmated"]
[WhiteElo "1351"]
[BlackElo "1500"]
[Opening "Caro-Kann: Bronstein-Larsen variation"]
[ECO "B16"]
[NIC "CK.07"]
[Time "16:16:48"]
[PlyCount "46"]
[TimeControl "7200+10"]

1. e4 c6 2. d4 d5 3. Nc3 dxe4 4. Nxe4 Nf6 5. Nxf6+ gxf6 6. Nf3 Bg4 7. Be3
e6 8. h3 Bh5 9. g4 Bg6 10. h4 h5 11. gxh5 Bxh5 12. Be2 Bd6 13. Qd2 Nd7 14.
O-O-O Qc7 15. Qc3 O-O-O 16. Ng1 Nb6 17. Bxh5 Rxh5 18. Kb1 Rb5 19. Qe1 Nc4
20. b3 Qb6 21. a4 Rxb3+ 22. cxb3 Qxb3+ 23. Kc1 Ba3# { White checkmated }
0-1

[Event "ICC tourney 2487 (120 10)"]
[Site "Internet Chess Club"]
[Date "2021.04.03"]
[Round "4"]
[White "BORGE, RONALD:LOCHAR"]
[Black "GIRISH, NIYATHI:missqueen"]
[Result "1-0"]
[ICCResult "Black resigns"]
[WhiteElo "1531"]
[BlackElo "1382"]
[Opening "English: four knights, kingside fianchetto"]
[ECO "A29"]
[NIC "EO.04"]
[Time "16:17:35"]
[PlyCount "57"]
[TimeControl "7200+10"]

1. c4 e5 2. Nc3 Nf6 3. Nf3 Nc6 4. g3 Bc5 5. e3 Qe7 6. Bg2 d6 7. d3 O-O 8.
O-O Re8 9. Na4 Bb6 10. Nxb6 axb6 11. e4 h6 12. h3 Nb4 13. Qb3 Na6 14. Be3
Nc5 15. Qc2 Nh7 16. b4 Na4 17. Rae1 Rf8 18. d4 f5 19. exf5 Bxf5 20. Qb3 Kh8
21. Nh4 c6 22. dxe5 Qxe5 23. Bxh6 Qb2 24. Nxf5 Rxf5 25. Bf4 Rf6 26. Re7 Ra7
27. Bxc6 Qxb3 28. axb3 Nc3 29. Rfe1 { Black resigns } 1-0

[Event "ICC tourney 2487 (120 10)"]
[Site "Internet Chess Club"]
[Date "2021.04.03"]
[Round "4"]
[White "KRYLOV, RATISLAV:RatislavK"]
[Black "GUPTA, GAURAV KUMAR:gauravgupta"]
[Result "1-0"]
[ICCResult "Black resigns"]
[WhiteElo "1489"]
[BlackElo "1320"]
[Opening "Sicilian: Alapin's variation (2.c3)"]
[ECO "B22"]
[NIC "SI.46"]
[Time "16:16:40"]
[PlyCount "119"]
[TimeControl "7200+10"]

1. e4 c5 2. c3 e6 3. d4 d5 4. exd5 exd5 5. Nf3 Nf6 6. Be3 c4 7. b3 cxb3 8.
Qxb3 Nc6 9. Bd3 Bd6 10. O-O h6 11. a4 O-O 12. Na3 a6 13. h3 Rb8 14. c4 Be6
15. Bd2 Bxa3 16. Rxa3 dxc4 17. Bxc4 Nxd4 18. Nxd4 Qxd4 19. Bxe6 Qxd2 20.
Rd1 Qg5 21. Bc4 b5 22. axb5 axb5 23. Bf1 b4 24. Ra4 Qc5 25. Rb1 Nd5 26. Bc4
Nb6 27. Rxb4 Nxc4 28. Rxb8 Nd2 29. Qb4 Nxb1 30. Qxc5 Rxb8 31. Qc7 Rb4 32.
Qd8+ Kh7 33. Qd3+ Kg8 34. g4 g5 35. Qd6 Rb2 36. Qxh6 Rb3 37. Qxg5+ Kf8 38.
Qd8+ Kg7 39. Qd4+ Kg8 40. Kg2 Na3 41. Qa4 Rc3 42. Qb4 Rd3 43. Qc5 Rb3 44.
h4 Rd3 45. h5 Nb1 46. Qc2 Rd4 47. Qxb1 Rxg4+ 48. Kh3 Rg5 49. Kh4 f6 50. f4
Rc5 51. Qg6+ Kf8 52. Qxf6+ Kg8 53. Qe6+ Kh8 54. Qe8+ Kg7 55. Qe7+ Kg8 56.
Qxc5 Kh8 57. Qc7 Kg8 58. Qe7 Kh8 59. Kg5 Kg8 60. Kg6 { Black resigns } 1-0

[Event "ICC tourney 2487 (120 10)"]
[Site "Internet Chess Club"]
[Date "2021.04.04"]
[Round "5"]
[White "SULTAN, BASHIR Cisse:muzikmixer"]
[Black "GILLMAN, JONES:JonesGill"]
[Result "1-0"]
[ICCResult "Black resigns"]
[WhiteElo "1526"]
[BlackElo "1387"]
[Opening "King's Indian: Andersson variation"]
[ECO "E92"]
[NIC "KI.18"]
[Time "11:02:38"]
[PlyCount "127"]
[TimeControl "7200+10"]

1. c4 Nf6 2. Nc3 g6 3. e4 d6 4. d4 Bg7 5. Nf3 O-O 6. Be2 e5 7. dxe5 dxe5 8.
Qxd8 Rxd8 9. Bg5 Re8 10. Nd5 Nxd5 11. cxd5 Nd7 12. Rc1 h6 13. Bh4 Nf6 14.
Bxf6 Bxf6 15. Rxc7 Rd8 16. h3 Rd7 17. Rxd7 Bxd7 18. Kd2 Rc8 19. Rc1 Rxc1
20. Kxc1 Kf8 21. g4 Ke7 22. Kc2 Kd6 23. b4 Bd8 24. Nd2 b5 25. a4 a6 26. a5
Bc7 27. Nb3 Bb8 28. Nc5 Bc8 29. Nd3 g5 30. Nc1 Ba7 31. f3 f6 32. Kd3 Bb7
33. Bd1 Bc8 34. Ke2 Bb7 35. Bb3 Bc8 36. Ke1 Bb7 37. Ne2 Bc8 38. Ng3 Bd7 39.
Nh5 Ke7 40. d6+ Kxd6 41. Nxf6 Bd4 42. Kd2 Be6 43. Bxe6 Kxe6 44. Ng8 Bb2 45.
Nxh6 Ba3 46. Kc3 Bc1 47. Nf5 Bf4 48. Kd3 Bc1 49. Ne3 Bxe3 50. Kxe3 Kf6 51.
Kf2 Ke6 52. Kg3 Kf6 53. h4 Kg6 54. hxg5 Kxg5 55. f4+ exf4+ 56. Kf3 Kg6 57.
Kxf4 Kf6 58. g5+ Kg6 59. Ke5 Kf7 60. Kd6 Kg6 61. e5 Kxg5 62. e6 Kf6 63. e7
Kf5 64. e8=Q { Black resigns } 1-0

[Event "ICC tourney 2487 (120 10)"]
[Site "Internet Chess Club"]
[Date "2021.04.04"]
[Round "5"]
[White "Erdos, Tamas:erdostom"]
[Black "KUNAPULI, SIDDARTH SRIADITYA:siddarth1"]
[Result "0-1"]
[ICCResult "White resigns"]
[WhiteElo "1500"]
[BlackElo "1510"]
[Opening "Queen's pawn game"]
[ECO "A45"]
[NIC "QP.07"]
[Time "11:02:06"]
[PlyCount "66"]
[TimeControl "7200+10"]

1. d4 Nf6 2. e3 e6 3. Bd3 b6 4. f4 Bb7 5. Nf3 d5 6. Nbd2 Bd6 7. Ne5 Nbd7 8.
O-O O-O 9. Qf3 c5 10. c3 c4 11. Bxc4 a6 12. Bd3 b5 13. e4 dxe4 14. Nxe4
Nxe4 15. Bxe4 Bxe4 16. Qxe4 Nxe5 17. fxe5 Be7 18. Rf3 Qd5 19. Qd3 Rad8 20.
Rh3 g6 21. Qe3 h5 22. Qg3 Kh7 23. Qd3 Kg7 24. Bf4 f6 25. Qe3 g5 26. Qe2 h4
27. Qg4 f5 28. Qe2 gxf4 29. Rxh4 Bxh4 30. Rf1 Qe4 31. Qd1 Qe3+ 32. Kh1 Rh8
33. Re1 Qxe1+ { White resigns } 0-1

[Event "ICC tourney 2487 (120 10)"]
[Site "Internet Chess Club"]
[Date "2021.04.04"]
[Round "5"]
[White "HURST, CALVIN J:TheJaguar2"]
[Black "MYADAM, TANISHQ ARYAN:tanishqchess"]
[Result "0-1"]
[ICCResult "White resigns"]
[WhiteElo "1405"]
[BlackElo "1488"]
[Opening "Vienna game"]
[ECO "C28"]
[NIC "VG.04"]
[Time "11:02:07"]
[PlyCount "132"]
[TimeControl "7200+10"]

1. e4 e5 2. Nc3 Nc6 3. Bc4 Nf6 4. d3 Bb4 5. Bd2 d6 6. a3 Ba5 7. h3 Be6 8.
Nd5 Bxd2+ 9. Qxd2 Bxd5 10. exd5 Ne7 11. Bb5+ c6 12. dxc6 bxc6 13. Ba4 O-O
14. Nf3 h6 15. O-O Qc7 16. Rfe1 Ng6 17. g3 c5 18. Bb3 Qb7 19. Qe3 Nd5 20.
Qe4 Nge7 21. Bxd5 Qxd5 22. Qxd5 Nxd5 23. Nd2 a5 24. Nc4 Rfd8 25. Rab1 a4
26. Kg2 f6 27. Re4 f5 28. Ree1 g5 29. Ne3 Nxe3+ 30. fxe3 Kf7 31. Rf1 Ke6
32. e4 f4 33. gxf4 exf4 34. Kf3 h5 35. h4 gxh4 36. Rh1 Rg8 37. Rxh4 Rg4 38.
Rxg4 hxg4+ 39. Kxf4 Rg8 40. Rg1 Rb8 41. Rb1 Rf8+ 42. Kxg4 Rf2 43. Rc1 Ke5
44. Kg3 Rd2 45. Kf3 Kd4 46. b3 axb3 47. cxb3 Rxd3+ 48. Kf4 Rxb3 49. a4 Ra3
50. Rd1+ Rd3 51. Rxd3+ Kxd3 52. a5 c4 53. a6 c3 54. a7 c2 55. a8=Q c1=Q+
56. Kf5 Qc5+ 57. Qd5+ Qxd5+ 58. exd5 Kd4 59. Kf4 Kxd5 60. Ke3 Kc4 61. Kd2
Kd4 62. Ke2 Kc3 63. Ke3 d5 64. Ke2 d4 65. Kd1 Kd3 66. Ke1 Kc2 { White
resigns } 0-1

[Event "ICC tourney 2487 (120 10)"]
[Site "Internet Chess Club"]
[Date "2021.04.04"]
[Round "5"]
[White "ZHU, FLORINA:Florina12345"]
[Black "DANIELS, QUINTON:QuintonDaniels"]
[Result "1/2-1/2"]
[ICCResult "Game drawn by mutual agreement"]
[WhiteElo "1423"]
[BlackElo "1430"]
[Opening "Sicilian: Richter-Rauzer, 6...e6"]
[ECO "B62"]
[NIC "SI.27"]
[Time "11:02:06"]
[PlyCount "82"]
[TimeControl "7200+10"]

1. e4 c5 2. Nf3 Nc6 3. d4 cxd4 4. Nxd4 Nf6 5. Nc3 d6 6. Bg5 e6 7. Bc4 Be7
8. O-O O-O 9. Kh1 a6 10. f4 Qc7 11. f5 h6 12. Bh4 Nxd4 13. Qxd4 b5 14. Bb3
Bb7 15. fxe6 fxe6 16. Bxe6+ Kh8 17. Bg3 Rad8 18. a4 Nh5 19. Bf2 Nf4 20. Ba2
bxa4 21. Qxa4 Bf6 22. Qb4 Bxc3 23. bxc3 Qc6 24. Bb6 Rc8 25. Be3 Ng6 26.
Rxf8+ Nxf8 27. Bd5 Qxc3 28. Qxc3 Rxc3 29. Bxb7 Rxe3 30. Kg1 Ne6 31. Rxa6
Nc5 32. Ra8+ Kh7 33. Bd5 Nxe4 34. Bxe4+ Rxe4 35. Kf2 Rc4 36. Ra2 d5 37. Ke3
Kg6 38. Kd3 Kf5 39. Ra5 Ke5 40. Ra7 Rg4 41. g3 Kd6 { Game drawn by mutual
agreement } 1/2-1/2

[Event "ICC tourney 2487 (120 10)"]
[Site "Internet Chess Club"]
[Date "2021.04.04"]
[Round "5"]
[White "Kannan, Aadhi M:niftyfountain"]
[Black "BORGE, RONALD:LOCHAR"]
[Result "0-1"]
[ICCResult "White resigns"]
[WhiteElo "1334"]
[BlackElo "1531"]
[Opening "Pirc: Ufimtsev-Pytel variation"]
[ECO "B07"]
[NIC "PU.08"]
[Time "11:02:07"]
[PlyCount "51"]
[TimeControl "7200+10"]

1. e4 d6 2. d4 Nf6 3. Nc3 c6 4. Be3 Nbd7 5. Be2 e5 6. dxe5 dxe5 7. Nf3 b5
8. a3 Qc7 9. Bd3 Bb7 10. O-O Bc5 11. Bxc5 Nxc5 12. b4 Ne6 13. Nb1 Rd8 14.
Nbd2 O-O 15. Qe2 a6 16. c4 Nf4 17. Qd1 Rxd3 18. g3 Ng6 19. cxb5 cxb5 20.
Rc1 Qd6 21. Qe2 Rd8 22. Rc2 Bc8 23. Ra2 Be6 24. Rc2 h6 25. Kg2 Qd7 26. Kg1
{ White resigns } 0-1

[Event "ICC tourney 2487 (120 10)"]
[Site "Internet Chess Club"]
[Date "2021.04.04"]
[Round "5"]
[White "PRASANNA, KEVIN FRANCO:Kfprasanna"]
[Black "KRYLOV, RATISLAV:RatislavK"]
[Result "0-1"]
[ICCResult "White checkmated"]
[WhiteElo "1306"]
[BlackElo "1489"]
[Opening "Sicilian: Nimzovich-Rossolimo attack (with ...g6, without ...d6)"]
[ECO "B31"]
[NIC "SI.31"]
[Time "11:02:06"]
[PlyCount "100"]
[TimeControl "7200+10"]

1. e4 c5 2. Nf3 Nc6 3. Bb5 g6 4. d4 cxd4 5. Nxd4 Bg7 6. Nxc6 bxc6 7. Bd3
Nf6 8. Nc3 O-O 9. O-O Bb7 10. Be3 Qc7 11. f4 d6 12. Qf3 Nd7 13. f5 Ne5 14.
Qf2 Ng4 15. Qe2 Nxe3 16. Qxe3 c5 17. Qd2 Qb6 18. Na4 Qc6 19. Nc3 Rab8 20.
Bb5 Bxc3 21. bxc3 Qxb5 22. a4 Qc4 23. fxg6 fxg6 24. Rfb1 Qxe4 25. Re1 Qc6
26. Rxe7 Rbe8 27. Rae1 Rxe7 28. Rxe7 Re8 29. Rxe8+ Qxe8 30. h3 Qe5 31. Qd3
Qe1+ 32. Kh2 Qe4 33. Qd2 Kf7 34. Kg1 Ke6 35. Kh2 Qxa4 36. Qe3+ Qe4 37. Qf2
g5 38. Qg3 Qf4 39. Qxf4 gxf4 40. Kg1 a5 41. Kf2 a4 42. Ke2 a3 43. Kd3 a2
44. Kd2 a1=Q 45. Kd3 Ba6+ 46. Kd2 Qf1 47. g3 fxg3 48. h4 g2 49. h5 g1=Q 50.
h6 Qgf2# { White checkmated } 0-1

[Event "ICC tourney 2487 (120 10)"]
[Site "Internet Chess Club"]
[Date "2021.04.04"]
[Round "5"]
[White "LI, BOYANG:McTiger"]
[Black "KESKI, KAYA:trickycreeper"]
[Result "1-0"]
[ICCResult "Black checkmated"]
[WhiteElo "1361"]
[BlackElo "1490"]
[Opening "French: Tarrasch"]
[ECO "C03"]
[NIC "FR.14"]
[Time "11:02:07"]
[PlyCount "117"]
[TimeControl "7200+10"]

1. e4 e6 2. d4 d5 3. Nd2 Be7 4. Ngf3 Nf6 5. e5 Nfd7 6. c3 c5 7. Bd3 Nc6 8.
O-O a5 9. Re1 cxd4 10. cxd4 Qb6 11. a3 Nxd4 12. Nxd4 Qxd4 13. Nf3 Qb6 14.
Be3 Qd8 15. Rc1 O-O 16. Qc2 h6 17. Qd2 f5 18. exf6 Bxf6 19. h3 a4 20. Bb1
Rf7 21. Nh2 Nf8 22. Ng4 e5 23. Nxf6+ Qxf6 24. Qxd5 Be6 25. Qe4 Bf5 26. Qxf5
Qxf5 27. Bxf5 Rxf5 28. Rc5 b6 29. Rd5 Rb8 30. g4 Rf6 31. Rxe5 Re6 32. Rxe6
Nxe6 33. Bxh6 gxh6 34. Rxe6 Kg7 35. f4 b5 36. Re5 b4 37. Re4 bxa3 38. bxa3
Rb3 39. Rxa4 Rxh3 40. Kf2 Kg6 41. Ra6+ Kg7 42. a4 h5 43. gxh5 Rxh5 44. Kg3
Rb5 45. axb5 Kf7 46. Rc6 Ke7 47. b6 Kd7 48. Rc1 Kd6 49. b7 Kd7 50. b8=Q Ke7
51. f5 Kf7 52. Rf1 Ke7 53. f6+ Kf7 54. Qb7+ Kg6 55. f7 Kg5 56. f8=Q Kg6 57.
Qbf7+ Kg5 58. Q8e7+ Kh6 59. Rh1# { Black checkmated } 1-0

[Event "ICC tourney 2487 (120 10)"]
[Site "Internet Chess Club"]
[Date "2021.04.04"]
[Round "5"]
[White "MAKODE, ATHARVA:atharvamchess"]
[Black "CHUDNOVSKY, MICHELLE:ChunkyApple"]
[Result "1/2-1/2"]
[ICCResult "Game drawn by mutual agreement"]
[WhiteElo "1498"]
[BlackElo "1351"]
[Opening "Queen's pawn, Mason variation"]
[ECO "D00"]
[NIC "QP.08"]
[Time "11:02:07"]
[PlyCount "29"]
[TimeControl "7200+10"]

1. d4 d5 2. Bf4 Nf6 3. e3 c5 4. c3 Qb6 5. b3 Nc6 6. h3 Bf5 7. Bd3 Bxd3 8.
Qxd3 Ne4 9. Nf3 e6 10. O-O Be7 11. Nbd2 Nxd2 12. Qxd2 h6 13. Ne5 Nxe5 14.
Bxe5 O-O 15. Rfc1 { Game drawn by mutual agreement } 1/2-1/2

[Event "ICC tourney 2487 (120 10)"]
[Site "Internet Chess Club"]
[Date "2021.04.04"]
[Round "5"]
[White "XIE, CHARLES:charlestxie"]
[Black "WAKIDA, KEN:Yamato1945"]
[Result "1/2-1/2"]
[ICCResult "Game drawn by mutual agreement"]
[WhiteElo "1420"]
[BlackElo "1439"]
[Opening "QGD: Tarrasch defense, 4.cd ed"]
[ECO "D32"]
[NIC "TD.10"]
[Time "11:02:07"]
[PlyCount "39"]
[TimeControl "7200+10"]

1. d4 d5 2. c4 e6 3. Nc3 c5 4. cxd5 exd5 5. dxc5 d4 6. Ne4 Bf5 7. Ng3 Bg6
8. Nf3 Bxc5 9. Ne5 Nf6 10. Nxg6 hxg6 11. a3 Nc6 12. b4 Bd6 13. Qb3 a6 14.
Bg5 Be5 15. Ne4 d3 16. Bxf6 gxf6 17. Rd1 Nd4 18. Qxd3 Rc8 19. e3 Nc2+ 20.
Ke2 { Game drawn by mutual agreement } 1/2-1/2

[Event "ICC tourney 2487 (120 10)"]
[Site "Internet Chess Club"]
[Date "2021.04.04"]
[Round "5"]
[White "DALEY, EDWARD L:GoIrish"]
[Black "JACKSON, MASSIMO MATEO:Yeetamus123"]
[Result "1-0"]
[ICCResult "Black resigns"]
[WhiteElo "1418"]
[BlackElo "1305"]
[Opening "Réti: King's Indian attack"]
[ECO "A05"]
[NIC "QP.11"]
[Time "11:02:08"]
[PlyCount "69"]
[TimeControl "7200+10"]

1. Nf3 Nf6 2. g3 g6 3. Bg2 Bg7 4. O-O d6 5. d3 Bf5 6. e4 Be6 7. Nbd2 Qd7 8.
e5 Ng4 9. exd6 exd6 10. Ng5 Nc6 11. Nxe6 fxe6 12. Qxg4 O-O-O 13. Bxc6 Qxc6
14. Qxe6+ Kb8 15. Qc4 Qd7 16. Qe4 Rde8 17. Qg2 Re2 18. c3 Rf8 19. Ne4 d5
20. Nc5 Qb5 21. Qxd5 Re7 22. a4 Qc6 23. Qxc6 bxc6 24. Ne4 Rfe8 25. Be3 Rd7
26. Rad1 Red8 27. d4 Re8 28. Nc5 Rd5 29. Rfe1 Bf6 30. Bf4 Rxe1+ 31. Rxe1 g5
32. Be3 h6 33. g4 Rd8 34. a5 Re8 35. Nd7+ { Black resigns } 1-0

[Event "ICC tourney 2487 (120 10)"]
[Site "Internet Chess Club"]
[Date "2021.04.04"]
[Round "5"]
[White "BURRE, SRINIVAS:sburreus09"]
[Black "ZHUGE, KATHERINE:FlowingMelody"]
[Result "1-0"]
[ICCResult "Black resigns"]
[WhiteElo "1545"]
[BlackElo "1428"]
[Opening "Queen's gambit declined"]
[ECO "D30"]
[NIC "QP.08"]
[Time "11:02:07"]
[PlyCount "117"]
[TimeControl "7200+10"]

1. d4 d5 2. c4 e6 3. Nf3 Be7 4. Bf4 Nf6 5. Qc2 O-O 6. e3 Nbd7 7. c5 c6 8.
Bd3 b6 9. b4 bxc5 10. bxc5 Qa5+ 11. Nbd2 Ba6 12. O-O Bxd3 13. Qxd3 Rfe8 14.
Rfb1 Nh5 15. Rb7 Nxf4 16. exf4 Qd8 17. Rab1 a5 18. a4 f6 19. h4 e5 20. Qf5
Nf8 21. fxe5 g6 22. Qd3 fxe5 23. Nxe5 Bxh4 24. Qf3 Qf6 25. Nxc6 Qxf3 26.
Nxf3 Bf6 27. Nfe5 Ne6 28. Ng4 Bg7 29. Rd1 Rf8 30. Ne3 Nf4 31. Ne7+ Kh8 32.
Kf1 Ne6 33. Nc6 Nf4 34. g3 Nh5 35. Kg2 Nf6 36. Ne7 Ne4 37. f3 Nc3 38. Rd3
Ne2 39. Nc2 Rad8 40. c6 Bf6 41. c7 Bxe7 42. cxd8=Q Bxd8 43. Rd7 Bb6 44.
Rxd5 Bc7 45. f4 Bxf4 46. Rf3 Bh6 47. Rxf8+ Bxf8 48. Rxa5 Bd6 49. g4 Nf4+
50. Kf3 Nd3 51. Rd5 Be7 52. a5 Nb2 53. a6 Nc4 54. a7 Nb6 55. Rb5 Na8 56.
Rb8+ Kg7 57. Rxa8 Kf6 58. Rc8 Ke6 59. a8=Q { Black resigns } 1-0

[Event "ICC tourney 2487 (120 10)"]
[Site "Internet Chess Club"]
[Date "2021.04.04"]
[Round "5"]
[White "GUPTA, GAURAV KUMAR:gauravgupta"]
[Black "GIRISH, NIYATHI:missqueen"]
[Result "0-1"]
[ICCResult "White checkmated"]
[WhiteElo "1320"]
[BlackElo "1382"]
[Opening "Ruy Lopez: exchange variation"]
[ECO "C68"]
[NIC "RL.08"]
[Time "11:02:55"]
[PlyCount "80"]
[TimeControl "7200+10"]

1. e4 e5 2. Nf3 Nc6 3. Bb5 a6 4. Bxc6 dxc6 5. d3 Bd6 6. Nc3 Be6 7. h3 Ne7
8. Be3 O-O 9. Ng5 Bd7 10. h4 h6 11. Nf3 Bg4 12. Qd2 f6 13. Nh2 Be6 14. Ke2
c5 15. f3 c4 16. d4 exd4 17. Bxd4 Nc6 18. Be3 b5 19. h5 b4 20. Nd5 f5 21.
Bxh6 fxe4 22. Bg5 Qb8 23. fxe4 Ne5 24. Nf3 Bg4 25. Raf1 c6 26. Be7 c3 27.
bxc3 Qb5+ 28. Kf2 Nxf3 29. gxf3 Rxf3+ 30. Ke1 Bg3+ 31. Rf2 Bxf2+ 32. Kd1
Rh3+ 33. Kc1 Rxh1+ 34. Kb2 bxc3+ 35. Kxc3 Rh3+ 36. Qd3 Rxd3+ 37. cxd3 cxd5
38. exd5 Rc8+ 39. Bc5 Rxc5+ 40. Kd2 Qb2# { White checkmated } 0-1

[Event "ICC tourney 2487 (120 10)"]
[Site "Internet Chess Club"]
[Date "2021.04.04"]
[Round "6"]
[White "KUNAPULI, SIDDARTH SRIADITYA:siddarth1"]
[Black "Kannan, Aadhi M:niftyfountain"]
[Result "1-0"]
[ICCResult "Black checkmated"]
[WhiteElo "1510"]
[BlackElo "1334"]
[Opening "Sicilian: Alapin's variation (2.c3)"]
[ECO "B22"]
[NIC "SI.46"]
[Time "16:16:29"]
[PlyCount "31"]
[TimeControl "7200+10"]

1. e4 c5 2. c3 d6 3. d4 cxd4 4. cxd4 Nf6 5. Nc3 Nc6 6. Nf3 e6 7. Bd3 Be7 8.
h4 O-O 9. e5 dxe5 10. dxe5 Nd5 11. Bxh7+ Kxh7 12. Ng5+ Kg8 13. Qh5 Bxg5 14.
hxg5 f6 15. g6 Re8 16. Qh8# { Black checkmated } 1-0

[Event "ICC tourney 2487 (120 10)"]
[Site "Internet Chess Club"]
[Date "2021.04.04"]
[Round "6"]
[White "Erdos, Tamas:erdostom"]
[Black "ZHU, FLORINA:Florina12345"]
[Result "0-1"]
[ICCResult "White resigns"]
[WhiteElo "1500"]
[BlackElo "1423"]
[Opening "Queen's pawn game"]
[ECO "A45"]
[NIC "QP.07"]
[Time "16:16:14"]
[PlyCount "90"]
[TimeControl "7200+10"]

1. d4 Nf6 2. e3 g6 3. Be2 Bg7 4. Nf3 O-O 5. O-O d6 6. b3 Nbd7 7. Bb2 c5 8.
c4 b6 9. d5 Qc7 10. Nc3 a6 11. Qc2 e6 12. dxe6 fxe6 13. Rad1 Bb7 14. h3 d5
15. cxd5 exd5 16. Nxd5 Nxd5 17. Bxg7 Kxg7 18. Bc4 N5f6 19. Ng5 Rae8 20.
Ne6+ Rxe6 21. Bxe6 Qc6 22. f4 Qxe6 23. f5 Qxe3+ 24. Kh1 Qxh3+ 25. Kg1 Qe3+
26. Kh1 Ne5 27. Rfe1 Qh6+ 28. Kg1 Nfg4 29. Rd7+ Nxd7 30. Re7+ Kh8 31. Qc3+
Rf6 32. Rxd7 Qh2+ 33. Kf1 Bxg2+ 34. Ke1 Qe5+ 35. Kd2 Qxc3+ 36. Kxc3 gxf5
37. a4 f4 38. Re7 f3 39. Re8+ Kg7 40. Re7+ Rf7 41. Re4 Nh6 42. Re3 f2 43.
Rg3+ Kh8 44. Rxg2 f1=Q 45. Rd2 Rf3+ { White resigns } 0-1

[Event "ICC tourney 2487 (120 10)"]
[Site "Internet Chess Club"]
[Date "2021.04.04"]
[Round "6"]
[White "JACKSON, MASSIMO MATEO:Yeetamus123"]
[Black "SULTAN, BASHIR Cisse:muzikmixer"]
[Result "1-0"]
[ICCResult "Black resigns"]
[WhiteElo "1305"]
[BlackElo "1526"]
[Opening "King's pawn opening"]
[ECO "B07"]
[NIC "VO.17"]
[Time "16:16:15"]
[PlyCount "78"]
[TimeControl "7200+10"]

1. e4 d6 2. Nc3 Nf6 3. Bc4 c6 4. f4 Bg4 5. Nf3 e6 6. d3 d5 7. exd5 exd5 8.
Bb3 Bxf3 9. Qxf3 Bc5 10. Na4 Qe7+ 11. Qe2 Na6 12. Nxc5 Qxe2+ 13. Kxe2 Nxc5
14. Re1 Kd7 15. Kf3 Rhe8 16. Bd2 Rxe1 17. Rxe1 Re8 18. Rxe8 Nxe8 19. Bc3
Ke6 20. g4 f5 21. g5 g6 22. h4 Nd6 23. Ke3 Nb5 24. Be5 Nxb3 25. axb3 c5 26.
d4 cxd4+ 27. Bxd4 Nxd4 28. Kxd4 Kd6 29. c4 a5 30. cxd5 b6 31. Kc4 Kd7 32.
Kb5 Kd6 33. Kxb6 Kxd5 34. Kxa5 Ke4 35. b4 Kxf4 36. b5 Ke5 37. b6 Kd6 38.
Ka6 Kd7 39. b7 f4 { Black resigns } 1-0

[Event "ICC tourney 2487 (120 10)"]
[Site "Internet Chess Club"]
[Date "2021.04.04"]
[Round "6"]
[White "MYADAM, TANISHQ ARYAN:tanishqchess"]
[Black "KRYLOV, RATISLAV:RatislavK"]
[Result "1/2-1/2"]
[ICCResult "Game drawn by mutual agreement"]
[WhiteElo "1488"]
[BlackElo "1489"]
[Opening "Sicilian: Pelikan (Lasker/Sveshnikov) variation"]
[ECO "B33"]
[NIC "SI.35"]
[Time "16:16:26"]
[PlyCount "107"]
[TimeControl "7200+10"]

1. e4 c5 2. Nf3 Nc6 3. d4 cxd4 4. Nxd4 Nf6 5. Nc3 e5 6. Nf3 Bb4 7. Bd3 d5
8. O-O Bxc3 9. bxc3 dxe4 10. Bxe4 Nxe4 11. Qxd8+ Nxd8 12. Re1 Nxc3 13. Bb2
Na4 14. Bxe5 O-O 15. Bd6 Nc6 16. Rab1 b6 17. Bxf8 Kxf8 18. Rbd1 Be6 19. Nd4
Nxd4 20. Rxd4 Nc5 21. a3 Rc8 22. h4 h5 23. Re5 g6 24. Re2 Kg7 25. f3 Nd7
26. Rxe6 fxe6 27. Rxd7+ Kf6 28. Rxa7 Rxc2 29. Rb7 Rb2 30. a4 Ra2 31. Rxb6
Rxa4 32. Kh2 Rxh4+ 33. Kg3 g5 34. Kf2 Ra4 35. g3 Ra2+ 36. Kg1 Kf5 37. Rb5+
Kf6 38. Rc5 Rd2 39. f4 gxf4 40. gxf4 Rd5 41. Rc3 Kf5 42. Re3 Rd6 43. Re5+
Kg4 44. Rg5+ Kxf4 45. Rxh5 Rd5 46. Rxd5 exd5 47. Kf2 Ke4 48. Ke2 Kd4 49.
Kd2 Kc4 50. Kc2 d4 51. Kd2 d3 52. Kd1 Kd4 53. Kd2 Ke4 54. Kd1 { Game drawn
by mutual agreement } 1/2-1/2

[Event "ICC tourney 2487 (120 10)"]
[Site "Internet Chess Club"]
[Date "2021.04.04"]
[Round "6"]
[White "ZHUGE, KATHERINE:FlowingMelody"]
[Black "PRASANNA, KEVIN FRANCO:Kfprasanna"]
[Result "1-0"]
[ICCResult "Black checkmated"]
[WhiteElo "1428"]
[BlackElo "1306"]
[Opening "Ruy Lopez: classical (Cordel) defense"]
[ECO "C64"]
[NIC "RL.01"]
[Time "16:16:12"]
[PlyCount "51"]
[TimeControl "7200+10"]

1. e4 e5 2. Nf3 Nc6 3. Bb5 Bc5 4. O-O d6 5. c3 Nf6 6. Re1 Bd7 7. d4 exd4 8.
cxd4 Bb4 9. Nc3 h6 10. a3 Bxc3 11. bxc3 a6 12. Ba4 O-O 13. Bc2 Bg4 14. h3
Bxf3 15. Qxf3 Re8 16. Qf5 Ne7 17. Qf3 Ng6 18. Bb3 Nh4 19. Qf4 Ng6 20. Qg3
d5 21. e5 Ne4 22. Rxe4 dxe4 23. Qxg6 Rf8 24. Bxh6 Qf6 25. exf6 Kh8 26.
Qxg7# { Black checkmated } 1-0

[Event "ICC tourney 2487 (120 10)"]
[Site "Internet Chess Club"]
[Date "2021.04.04"]
[Round "6"]
[White "GUPTA, GAURAV KUMAR:gauravgupta"]
[Black "MAKODE, ATHARVA:atharvamchess"]
[Result "1/2-1/2"]
[ICCResult "Game drawn by mutual agreement"]
[WhiteElo "1320"]
[BlackElo "1498"]
[Opening "Ruy Lopez: exchange, Romanovsky variation"]
[ECO "C68"]
[NIC "RL.08"]
[Time "16:16:09"]
[PlyCount "34"]
[TimeControl "7200+10"]

1. e4 e5 2. Nf3 Nc6 3. Bb5 a6 4. Bxc6 dxc6 5. d3 f6 6. Nc3 Be6 7. Be3 Bd6
8. Qd2 Qd7 9. h3 Ne7 10. Na4 Ng6 11. a3 Qe7 12. h4 Nf8 13. Qc3 Nd7 14. b4
Qf7 15. Nd2 f5 16. f3 f4 17. Bf2 Qf6 { Game drawn by mutual agreement }
1/2-1/2